 Dungeon Crawl Stone Soup version 0.21-a0-225-g207ae17 (webtiles) character file.

33 Blomdor the Chopper (level 3, -2/28 HPs)
             Began as a Barachi Skald on Aug 30, 2017.
             Slain by Natasha (4 damage)
             ... on level 1 of the Dungeon.
             The game lasted 00:01:56 (1130 turns).

Blomdor the Chopper (Barachi Skald)                 Turns: 1130, Time: 00:01:56

Health: -2/28      AC: 10    Str: 13    XL:     3   Next: 29%
Magic:  6/6        EV:  6    Int: 13    God:
Gold:   129        SH:  0    Dex: 11    Spells: 5/6 levels left

rFire    . . .     SeeInvis .   a - +0 hand axe
rCold    . . .     Gourm    .   (no shield)
rNeg     . . .     Faith    .   f - +0 chain mail
rPois    .         Spirit   .   s - +0 helmet
rElec    .         Reflect  .   (no cloak)
rCorr    .         Harm     .   q - +0 pair of gloves
MR       .....                  (no boots)
Stlth    ..........             e - amulet of magic regeneration
HPRegen  0.09/turn              (no ring)
MPRegen  0.35/turn              (no ring)

@: flying, slowed, very slow
A: +LOS, swims, slowness 1, strong legs 1
a: Hop


You were on level 1 of the Dungeon.
You were not hungry.

You visited 1 branch of the dungeon, and saw 2 of its levels.

You collected 129 gold pieces.

Inventory:

Hand Weapons
 a - a +0 hand axe (weapon)
Armour
 b - a +0 leather armour
 f - a +0 chain mail (worn)
 q - a +0 pair of gloves (worn)
 s - a +0 helmet (worn)
Jewellery
 e - an amulet of magic regeneration (around neck)
Scrolls
 g - a scroll of magic mapping {unknown}
 k - a scroll of fog
 m - a scroll of identify {unknown}
 n - a scroll of teleportation {unknown}
 p - a scroll of noise {unknown}
Potions
 i - 2 potions of curing
Books
 c - a book of Battle

   Spells                             Type                      Level
   a - Infusion                       Charms                       1
   b - Shroud of Golubria             Charms/Translocation         2
   c - Song of Slaying                Charms                       2
   d - Spectral Weapon                Hexes/Charms                 3
   e - Regeneration                   Charms/Necromancy            3
Comestibles
 d - a bread ration
 h - 2 chunks of flesh
 o - a royal jelly


   Skills:
 - Level 2.4 Fighting
 * Level 4.0 Axes
 - Level 1.2 Armour
 - Level 2.1 Dodging
 - Level 2.1 Spellcasting
 - Level 3.2 Charms


You had 5 spell levels left.
You knew the following spells:

 Your Spells              Type           Power        Failure   Level  Hunger
a - Infusion              Chrm           #...         91%         1    ##.....


Dungeon Overview and Level Annotations

Branches:
Dungeon (2/15)

Altars:

Annotations:
D:1 Natasha


Innate Abilities, Weirdness & Mutations

Shadows flee at your approach. (+LOS)
You can swim through water.
You cover ground slowly.
You can hop short distances.


Message History

The white imp disappears in a puff of smoke!
There is a stone staircase leading down here.
You see here a scroll of random uselessness.
It was a potion of curing.
You feel better.
Natasha stares at you and mumbles some strange words.
You resist with significant effort.
It was a potion of flight.
You feel very buoyant.
You fly up into the air.
Natasha casts a spell at you.
You feel yourself slow down.
It was a potion of magic.
Magic courses through your body. Natasha casts a spell at you.
You feel as though you will be slow longer.
You miss Natasha.
Natasha stares at you and mumbles some strange words.
The magic dart hits you!
* * * LOW HITPOINT WARNING * * *
Natasha claws you.
You die...

#.##.##.# #.....#
#.......# #.....#
##..#..## #.....#
#.###.# #.....#
#..#..# #.....#
###....##########
#.........#####
#.h........##.##
#@.(.......#.#.##
####............##
#...###.#......
#...###.#...###
#.......#####
#########


You could see Natasha.

Vanquished Creatures
  An adder (D:2)
  A dart slug (D:1)
  A leopard gecko (D:1)
  A ball python (D:1)
  5 bats
  A giant cockroach (D:1)
  A hobgoblin (D:2)
  4 kobolds
  A frilled lizard (D:1)
  6 rats (D:1)
22 creatures vanquished.

Notes
Turn   | Place    | Note
-------+----------+-------------------------------------------
     0 | D:1      | Blomdor the Barachi Skald began the quest for the Orb.
     0 | D:1      | Reached XP level 1. HP: 17/17 MP: 3/3
     3 | D:1      | Noticed an electric eel
     3 | D:1      | Noticed an electric eel
   287 | D:1      | Reached skill level 3 in Axes
   287 | D:1      | Reached XP level 2. HP: 23/23 MP: 5/5
   932 | D:2      | Reached XP level 3. HP: 26/28 MP: 6/6
  1028 | D:2      | Reached skill level 4 in Axes
  1035 | D:2      | Noticed Natasha
  1130 | D:1      | Slain by Natasha

Vault maps used:
D:1:      arrival_aquarium_b, minmay_misc_feat_alley
D:2:      uniq_natasha

Skill      XL: |  1  2  3 |
---------------+----------+-----
Axes           | 3 4 |  4.0
Fighting       | |  2.4
Armour         | |  1.2
Dodging        | |  2.1
Spellcasting   | |  2.1
Charms         | |  3.2

Action                   || total
-------------------------++-------
Melee: Hand axe          ||    83
  Use: Potion            ||     3
       Scroll            ||     2
 Stab: Distracted        ||     1
  Eat: Chunk             ||     1
Armor: Chain mail        ||    86
Dodge: Dodged            ||    25

Table legend:
 A = Spawn XP
 B = Non-spawn XP
 C = Spawn XP percentage of total XP
 D = Spawn monster count
 E = Non-spawn monster count
 F = Spawn count percentage of total count
 G = Total turns spent on level
                    A         B        C        D         E        F      G
               +---------+---------+-------+---------+---------+-------+---------
         Total |      21 |      27 |  43.8 |       6 |      16 |  27.3 |  1130
               +---------+---------+-------+---------+---------+-------+---------
           D:1 |       4 |      20 |  16.7 |       3 |      12 |  20.0 |   835
           D:2 |      17 |       7 |  70.8 |       3 |       4 |  42.9 |   295
               +---------+---------+-------+---------+---------+-------+---------
